 Dungeon Crawl Stone Soup version 0.32-a0-918-g0f22ef8d61 (webtiles) character file.

Game seed: 6039615723474217315

245 Poisondrake the Skirmisher (level 6, -9/50 HPs)
             Began as a Gnoll Hunter on Apr 11, 2024.
             Was a Believer of Vehumet.
             Mangled by a gnoll
             ... wielding a +0 flail
              (11 damage)
             ... on level 4 of the Dungeon.
             The game lasted 00:16:40 (3015 turns).

Poisondrake the Skirmisher (Gnoll Hunter)           Turns: 3015, Time: 00:16:41

Health: -9/50      AC:  4    Str: 10    XL:     6   Next: 10%
Magic:  8/8        EV: 13    Int:  8    God:    Vehumet [**....]
Gold:   145        SH:  0    Dex: 18    Spells: 7/8 levels left

rFire   + . .        a - +0 shortbow
rCold   + . .        (shield currently unavailable)
rNeg    . . .        c - +0 leather armour
rPois   +            (no helmet)
rElec   +            (no cloak)
rCorr   +            j - +0 pair of gloves
SInv    +            (no boots)
Will    .....        (no amulet)
Stlth   ++           f - ring of resist corrosion
HPRegen 0.28/turn    d - ring of the Omega Point {rElec rPois rF+ rC+ SInv}
MPRegen 0.11/turn

%: no passive effects
@: no status effects
A: fangs 1, strong nose, distributed training
a: Renounce Religion


You were on level 4 of the Dungeon.
You worshipped Vehumet.
Vehumet was pleased with you.
You visited 1 branch of the dungeon, and saw 4 of its levels.

You collected 145 gold pieces.

Inventory:

Hand Weapons
 a - a +0 shortbow (weapon)
Missiles
 m - 6 poisoned darts
Armour
 c - a +0 leather armour (worn)
 j - a +0 pair of gloves (worn)
Jewellery
 d - the ring of the Omega Point (right hand) {rElec rPois rF+ rC+ SInv}
   (You acquired it on level 2 of the Dungeon)

   [ring of see invisible]

   rF+:       It protects you from fire.
   rC+:       It protects you from cold.
   rElec:     It insulates you from electricity.
   rPois:     It protects you from poison.
   SInv:      It lets you see invisible.
 f - a ring of resist corrosion (left hand)
 i - a ring of ice
Scrolls
 b - a scroll of butterflies
 e - a scroll of vulnerability {unknown}
 l - a scroll of identify
 n - a scroll of teleportation
Potions
 g - a potion of curing
 h - a potion of resistance
 k - 2 potions of heal wounds {unknown}


   Skills:
 + Level 4.9 Fighting
 + Level 1.9 Short Blades
 + Level 1.9 Long Blades
 + Level 1.9 Axes
 + Level 1.9 Maces & Flails
 + Level 1.9 Polearms
 + Level 1.9 Staves
 + Level 8.7 Ranged Weapons
 + Level 1.9 Throwing
 + Level 1.9 Armour
 + Level 4.9 Dodging
 + Level 3.0 Stealth
 + Level 1.9 Shields
 + Level 1.9 Unarmed Combat
 + Level 1.9 Spellcasting
 + Level 1.5 Conjurations
 + Level 1.5 Hexes
 + Level 1.5 Summonings
 + Level 1.5 Necromancy
 + Level 1.5 Translocations
 + Level 1.5 Fire Magic
 + Level 1.5 Ice Magic
 + Level 1.5 Air Magic
 + Level 1.5 Earth Magic
 + Level 1.5 Alchemy
 + Level 2.1 Invocations
 + Level 1.9 Evocations
 + Level 1.7 Shapeshifting


You had 7 spell levels left.
You knew the following spells:

 Your Spells              Type           Power      Damage    Failure   Level
a - Foxfire               Conj/Fire      12%        2x1d4     26%         1

Your spell library contained the following spells:

 Spells                   Type           Power      Damage    Failure   Level
 Frozen Ramparts          Ice            6%         1d1       61%         3
 Summon Forest            Summ/Tloc      1%         N/A       100%        5
 Eringya's Noxious Bog    Alch           1%         4d6       100%        6
 Summon Hydra             Summ           1%         N/A       100%        7


Dungeon Overview and Level Annotations

Branches:
Dungeon (4/15)
 Temple: D:4-7

Altars:
Nemelex Xobeh
Vehumet


Innate Abilities, Weirdness & Mutations

You have very sharp teeth.
Your uncanny sense of smell can sniff out nearby items.
Your experience applies equally to all skills.


Message History

You shoot an arrow. The arrow closely misses the gnoll.
The gnoll shouts!
You shoot an arrow. The arrow hits the gnoll!
The gnoll is almost dead.
A gnoll comes into view. It is wielding a +0 flail.
You shoot an arrow.
The arrow hits the gnoll but does no damage.
The gnoll is almost dead.
You shoot an arrow.
The arrow hits the gnoll but does no damage.
The gnoll is almost dead.
You shoot an arrow. The arrow hits the gnoll.
The gnoll is almost dead.
You shoot an arrow. The arrow hits the gnoll.
You kill the gnoll!
Vehumet accepts your kill.
You shoot an arrow.
The arrow hits the gnoll but does no damage.
The gnoll barely misses you.
You shoot an arrow. The arrow hits the gnoll.
The gnoll is heavily wounded.
The gnoll hits you with a +0 flail.
You shoot an arrow. The arrow closely misses the gnoll.
The gnoll hits you with a +0 flail! The gnoll hits you with a +0 flail.
You shoot an arrow. The arrow barely misses the gnoll.
The gnoll closely misses you. The gnoll misses you.
You shoot an arrow. The arrow hits the gnoll.
The gnoll is heavily wounded.
The gnoll hits you with a +0 flail. x2
You shoot an arrow. The arrow hits the gnoll.
The gnoll is severely wounded.
The gnoll hits you with a +0 flail! The gnoll closely misses you.
You are too injured to fight recklessly!
You are too injured to fight recklessly!
The gnoll attacks as it pursues you! The gnoll hits you with a +0 flail.
* * * LOW HITPOINT WARNING * * *
The gnoll attacks as it pursues you! The gnoll hits you with a +0 flail!
* * * LOW HITPOINT WARNING * * *
The gnoll attacks as it pursues you! The gnoll hits you with a +0 flail!
You die...

#.....<........... ....
#................. ....
#................. .....
#.................
....#####.................
#....................####
+.)..................#
#...)................#
#......g@..>.........#
#......g.............#
#....................#
#....................####
+........................
#........................
#........................
#........................
#........................


You could see 2 gnolls.

Vanquished Creatures
  Blork the orc (D:4)
  Terence (D:3)
  2 gnolls (D:4)
  6 adders
  3 ribbon worms
  An orc (D:4)
  8 endoplasms
  3 giant cockroaches
  5 hobgoblins
  2 jackals (D:2)
  2 quokkas
  3 ball pythons
  4 bats
  2 frilled lizards (D:1)
  11 goblins
  3 kobolds (D:1)
  26 rats
83 creatures vanquished.

Notes
Turn   | Place    | Note
-------+----------+-------------------------------------------
     0 | D:1      | Poisondrake the Gnoll Hunter began the quest for the Orb.
     0 | D:1      | Reached XP level 1. HP: 20/20 MP: 1/1
    86 | D:1      | Reached XP level 2. HP: 26/26 MP: 2/2
   279 | D:1      | Found a faded altar of an unknown god.
   308 | D:1      | Prayed at the altar of an unknown god.
   308 | D:1      | Became a worshipper of Vehumet
   308 | D:1      | Reached * piety under Vehumet
   308 | D:1      | Offered knowledge of Sandblast by Vehumet.
   323 | D:1      | Reached XP level 3. HP: 31/31 MP: 3/3
   532 | D:1      | You fall into a shaft and drop 1 floor!
   900 | D:2      | Reached skill level 1 in Invocations
  1106 | D:2      | Reached skill level 1 in Short Blades
  1106 | D:2      | Reached skill level 1 in Long Blades
  1106 | D:2      | Reached skill level 1 in Axes
  1106 | D:2      | Reached skill level 1 in Maces & Flails
  1106 | D:2      | Reached skill level 1 in Polearms
  1106 | D:2      | Reached skill level 1 in Staves
  1106 | D:2      | Reached skill level 1 in Throwing
  1106 | D:2      | Reached skill level 1 in Armour
  1106 | D:2      | Reached skill level 1 in Shields
  1106 | D:2      | Reached skill level 1 in Unarmed Combat
  1106 | D:2      | Reached skill level 1 in Spellcasting
  1106 | D:2      | Reached skill level 1 in Evocations
  1263 | D:2      | Reached skill level 1 in Shapeshifting
  1263 | D:2      | Reached XP level 4. HP: 38/38 MP: 5/5
  1369 | D:2      | Identified a scroll of acquirement
  1369 | D:2      | Acquired the ring of the Omega Point {rElec rPois rF+ rC+
                  | SInv}
  1458 | D:3      | Found a sparkling altar of Nemelex Xobeh.
  1834 | D:3      | Reached skill level 1 in Conjurations
  1834 | D:3      | Reached skill level 1 in Hexes
  1834 | D:3      | Reached skill level 1 in Summonings
  1834 | D:3      | Reached skill level 1 in Necromancy
  1834 | D:3      | Reached skill level 1 in Translocations
  1834 | D:3      | Reached skill level 1 in Fire Magic
  1834 | D:3      | Reached skill level 1 in Ice Magic
  1834 | D:3      | Reached skill level 1 in Air Magic
  1834 | D:3      | Reached skill level 1 in Earth Magic
  1834 | D:3      | Reached skill level 1 in Alchemy
  1949 | D:3      | Reached ** piety under Vehumet
  1949 | D:3      | Offered knowledge of Foxfire by Vehumet.
  1956 | D:3      | Learned a level 1 spell: Foxfire
  2302 | D:3      | Noticed Terence
  2314 | D:3      | Killed Terence
  2315 | D:3      | Reached XP level 5. HP: 36/43 MP: 5/7
  2729 | D:4      | Noticed Blork the orc
  2739 | D:4      | Killed Blork the orc
  2844 | D:4      | Offered knowledge of Frozen Ramparts by Vehumet.
  2937 | D:4      | Reached XP level 6. HP: 47/50 MP: 8/8
  3014 | D:4      | HP: 2/50 [gnoll/+0 flail (12)]
  3015 | D:4      | Mangled by a gnoll

Illustrated notes

Levels and vault maps discovered:
D:1:      wheals_arrival_linesprint, layout_loops_ring,
          shapermc_ecumenical_altar_totnotflames
D:2:      layout_rooms
D:3:      layout_basic, mainiacjoe_overflow_brackets, minmay_rat_hole,
          uniq_terence
D:4:      layout_gridville, nicolae_shop_firing_range, uniq_sigmund,
          uniq_blork_the_orc

Skill      XL: |  1  2  3  4  5 |
---------------+----------------+-----
Invocations    | 1 2 |  2.1
Short Blades   | 1 |  1.9
Long Blades    | 1 |  1.9
Axes           | 1 |  1.9
Maces & Flails | 1 |  1.9
Polearms       | 1 |  1.9
Staves         | 1 |  1.9
Throwing       | 1 |  1.9
Armour         | 1 |  1.9
Shields        | 1 |  1.9
Unarmed Combat | 1 |  1.9
Spellcasting   | 1 |  1.9
Evocations     | 1 |  1.9
Shapeshifting  | 1 |  1.7
Conjurations   | 1 |  1.5
Hexes          | 1 |  1.5
Summonings     | 1 |  1.5
Necromancy     | 1 |  1.5
Translocations | 1 |  1.5
Fire Magic     | 1 |  1.5
Ice Magic      | 1 |  1.5
Air Magic      | 1 |  1.5
Earth Magic    | 1 |  1.5
Alchemy        | 1 |  1.5
Stealth        | 3 |  3.0
Fighting       | |  4.9
Ranged Weapons | |  8.7
Dodging        | |  4.9

Action                     |  1- 3 |  4- 6 || total
---------------------------+-------+-------++-------
   Fire: Shortbow          |    91 |   148 ||   239
    Use: Scroll            |       |     4 ||     4
 Armour: Leather armour    |     7 |    39 ||    46
  Dodge: Dodged            |    10 |    32 ||    42

Table legend: (Time is in decaauts)
 A = Elapsed time spent in this place.
 B = Non-inter-level travel time spent in this place.
 C = Inter-level travel time spent in this place.
 D = Time resting spent in this place.
 E = Time spent auto-exploring this place.
 F = Levels seen in this place.
 G = Mean time per level.
                   A        B        C        D        E       F      G
               +--------+--------+--------+--------+--------+-----+--------+
         Total |   3015 |   2957 |     58 |     72 |   1423 |   4 |  753.8 |
       Dungeon |   3015 |   2957 |     58 |     72 |   1423 |   4 |  753.8 |
               +--------+--------+--------+--------+--------+-----+--------+

Top non-repeatable levels by time:
     D:3: 1332 daAuts
     D:1: 886 daAuts
     D:2: 509 daAuts
     D:4: 288 daAuts
